 Dungeon Crawl Stone Soup version 0.27-a0-1325-g58a489ad9e (webtiles) character file.

Game seed: 6086633070394457140

109 Arzdou the Chopper (level 4, -4/61 HPs)
             Began as a Minotaur Berserker on June 24, 2021.
             Was a Believer of Trog.
             Slain by a crimson imp (8 damage)
             ... on level 3 of the Dungeon.
             The game lasted 00:03:53 (1909 turns).

Arzdou the Chopper (Minotaur Berserker)             Turns: 1909, Time: 00:03:53

Health: -4/61      AC:  5    Str: 22    XL:     4   Next: 60%
Magic:  3/3        EV: 11    Int:  4    God:    Trog [**....]
Gold:   140        SH:  0    Dex: 10    Spells: 3/3 levels left

rFire    . . .     SeeInvis .   a - +0 hand axe
rCold    . . .     Faith    .   (no shield)
rNeg     . . .     Spirit   .   g - +0 ring mail
rPois    .         Reflect  .   (helmet restricted)
rElec    .         Harm     .   (no cloak)
rCorr    .         Rampage  .   (no gloves)
Will     .....                  (no boots)
Stlth    ..........             e - amulet of regeneration
HPRegen  1.20/turn              (no ring)
MPRegen  0.08/turn              (no ring)

@: berserking, very quick
A: horns 2, retaliatory headbutt
a: Renounce Religion, Berserk, Trog's Hand


You were on level 3 of the Dungeon.
You worshipped Trog.
Trog was pleased with you.
You visited 1 branch of the dungeon, and saw 3 of its levels.

You collected 140 gold pieces.

Inventory:

Hand Weapons
 a - a +0 hand axe (weapon)
Armour
 g - a +0 ring mail (worn)
Jewellery
 e - an amulet of regeneration (around neck)
Wands
 j - a wand of flame (17)
 k - a wand of polymorph (9)
Scrolls
 b - 2 scrolls of teleportation {unknown}
 c - 2 scrolls of identify {unknown}
 d - a scroll of torment {unknown}
 l - a scroll of noise {unknown}
Potions
 f - a potion of resistance {unknown}
 h - a potion of lignification {unknown}
 i - a potion of might {unknown}


   Skills:
 + Level 4.3 Fighting
 + Level 5.1 Axes
 + Level 3.3 Armour
 + Level 2.9 Dodging
 + Level 0.1 Stealth


You had 3 spell levels left.
You didn't know any spells.
Your spell library was empty.

Dungeon Overview and Level Annotations

Branches:
Dungeon (3/15)

Altars:
Makhleb
Vehumet
Xom


Innate Abilities, Weirdness & Mutations

You have a pair of horns on your head.
You reflexively headbutt those who attack you in melee.


Message History

Found 20 stones.
Found a stone staircase leading up.
There is a stone staircase leading up here.
You see here 20 stones.
Found 30 stones.
You see here 20 stones.
Found a falchion.
You see here a +0 falchion.
A rat comes into view.
A rat is nearby!
You slash the rat!
You kill the rat!
Trog accepts your kill.
No target in view!
You see here a quokka corpse.
Found 17 bolts.
l - a scroll labelled KIODIWKUIXI
Found a radiant altar of Vehumet.
You open the door.
A crimson imp comes into view. It is wielding a +2 dagger of chaos.
Found a shimmering altar of Xom and a burning altar of Makhleb.
The crimson imp hits you with a +2 dagger of chaos.
The crimson imp burns you.
There is an open door, spattered with blood here.
You closely miss the crimson imp. Your headbutt misses the crimson imp.
The crimson imp hits you with a +2 dagger of chaos.
Space warps horribly around you!!
* * * LOW HITPOINT WARNING * * *
You are too injured to fight recklessly!
You are too injured to fight recklessly!
You are too injured to fight recklessly!
Okay, then.
A red film seems to cover your vision as you go berserk!
You feel yourself moving faster!
You feel mighty!
The crimson imp hits you with a +2 dagger of chaos.
* * * LOW HITPOINT WARNING * * *
You are electrocuted!
* * * LOW HITPOINT WARNING * * *
You closely miss the crimson imp. Your headbutt misses the crimson imp.
The crimson imp hits you with a +2 dagger of chaos!
You die...

#.......### #.#
#.##......# #.#
#.......#.# #.#
#..#.#..#.####.#
#####.#.........###
#_._#....#.#######.
#...#...##.# #.
#.5.#......# #.
#@##.#.#### ##
#.##.#.# # #.##.#.#
######## #......#
#....... ###...##
##.#####† #...#
#........
#####...####.<##....
.#.............##..#.
.....................


You could see a crimson imp.

Vanquished Creatures
  Ijyb (D:3)
  3 adders
  A worm (D:2)
  5 dart slugs
  4 ball pythons (D:1)
  6 endoplasms
  3 giant cockroaches
  2 goblins
  3 hobgoblins
  2 kobolds
  3 quokkas
  5 bats
  A frilled lizard (D:1)
  4 rats
43 creatures vanquished.

Notes
Turn   | Place    | Note
-------+----------+-------------------------------------------
     0 | D:1      | Arzdou the Minotaur Berserker began the quest for the Orb.
     0 | D:1      | Reached XP level 1. HP: 19/19 MP: 0/0
   270 | D:1      | Reached XP level 2. HP: 27/27 MP: 1/1
   296 | D:1      | Reached skill level 4 in Axes
   332 | D:1      | Found a faded altar of an unknown god.
  1015 | D:2      | Reached XP level 3. HP: 33/33 MP: 2/2
  1557 | D:3      | Noticed Ijyb
  1565 | D:3      | Killed Ijyb
  1566 | D:3      | Reached XP level 4. HP: 40/40 MP: 3/3
  1665 | D:3      | Reached skill level 5 in Axes
  1690 | D:3      | Reached ** piety under Trog
  1861 | D:3      | Found a radiant altar of Vehumet.
  1905 | D:3      | Found a shimmering altar of Xom.
  1905 | D:3      | Found a burning altar of Makhleb.
  1908 | D:3      | HP: 3/61 [crimson imp (14)]
  1909 | D:3      | Slain by a crimson imp

Illustrated notes

Levels and vault maps discovered:
D:1:      eino_arrival_water_cross, layout_loops_ring, basic_ecumenical_altar,
          minmay_misc_feat_iff, chequers_serial_rivers_room_b,
          chequers_serial_rivers_room_a
D:2:      layout_basic
D:3:      layout_loops_cross, grunt_temple_overflow_champion_of_chaos,
          lemuel_coloured_pillars_altar, minmay_distorted, uniq_ijyb

Skill      XL: |  1  2  3  4 |
---------------+-------------+-----
Fighting       | 4 |  4.3
Axes           | 4 5 |  5.1
Armour         | 3 |  3.3
Dodging        | |  2.9
Stealth        | |  0.1

Action                   |  1- 3 |  4- 6 || total
-------------------------+-------+-------++-------
Melee: Hand axe          |    59 |    26 ||    85
       Headbutt          |    10 |     4 ||    14
Invok: Berserk           |     1 |     1 ||     2
Armor: Animal skin       |     4 |       ||     4
       Ring mail         |     4 |     6 ||    10
Dodge: Dodged            |    37 |    14 ||    51

Table legend: (Time is in decaauts)
 A = Elapsed time spent in this place.
 B = Non-inter-level travel time spent in this place.
 C = Inter-level travel time spent in this place.
 D = Time resting spent in this place.
 E = Time spent auto-exploring this place.
 F = Levels seen in this place.
 G = Mean time per level.
                   A        B        C        D        E       F      G
               +--------+--------+--------+--------+--------+-----+--------+
         Total |   1927 |   1873 |     54 |      0 |   1611 |   3 |  642.3 |
       Dungeon |   1927 |   1873 |     54 |      0 |   1611 |   3 |  642.3 |
               +--------+--------+--------+--------+--------+-----+--------+

Top non-repeatable levels by time:
     D:1: 942 daAuts
     D:2: 616 daAuts
     D:3: 368 daAuts
